 Dungeon Crawl Stone Soup version 0.27.0-1-g7a089689b8 (webtiles) character file.

Game seed: 12563457160870440919

1129 Smaepdii the Cleaver (level 8, -1/105 HPs)
             Began as a Minotaur Berserker on Aug 16, 2021.
             Was a Priest of Trog.
             Succumbed to a gnoll sergeant's poison
             ... on level 5 of the Dungeon.
             The game lasted 00:12:06 (5136 turns).

Smaepdii the Cleaver (Minotaur Berserker)           Turns: 5136, Time: 00:12:07

Health: -1/105     AC: 28    Str: 22    XL:     8   Next: 13%
Magic:  7/7        EV:  2    Int:  4    God:    Trog [***...]
Gold:   239        SH:  0    Dex: 12    Spells: 7/7 levels left

rFire    + . .     SeeInvis .   g - +0 dagger (venom)
rCold    . . .     Faith    .   (no shield)
rNeg     + + +     Spirit   .   (armour currently unavailable)
rPois    +         Reflect  .   (helmet currently unavailable)
rElec    .         Harm     .   (cloak currently unavailable)
rCorr    .         Rampage  .   (gloves currently unavailable)
Will     ++...     NoTele   +   (boots currently unavailable)
Stlth    +.........             (no amulet)
HPRegen  1.27/turn              b - +4 ring of protection
MPRegen  0.10/turn              n - ring of protection from fire

@: lethally poisoned (-1 -> -6), tree-form, strong-willed, on berserk cooldown,
regenerating, slowed, very slow
A: stationary, stasis, torment immunity, boosted hp, (horns 2), (retaliatory
headbutt)
a: Renounce Religion, Berserk, Trog's Hand


You were on level 5 of the Dungeon.
You worshipped Trog.
Trog was most pleased with you.
You were a tree.
You visited 1 branch of the dungeon, and saw 5 of its levels.

You collected 239 gold pieces.

Inventory:

Hand Weapons
 a - a +0 hand axe
 g - a +0 dagger of venom (weapon)
Missiles
 e - 2 throwing nets
 h - 22 poisoned darts (quivered)
Armour
 k - a +1 ring mail (melded)
Jewellery
 b - a +4 ring of protection (left branch)
 n - a ring of protection from fire (right branch)
 u - an amulet of guardian spirit
Wands
 o - a wand of polymorph (8)
Scrolls
 c - 2 scrolls of enchant armour
 f - 2 scrolls of teleportation
 r - a scroll of blinking {unknown}
 s - a scroll of identify {unknown}
 v - a scroll of fog {unknown}
Potions
 d - a potion of attraction {unknown}
 i - a potion of flight {unknown}
 j - a potion of lignification
 l - 2 potions of heal wounds {unknown}
 m - a potion of mutation {unknown}
 p - 3 potions of curing {unknown}
 q - a potion of might {unknown}
 t - a potion of brilliance {unknown}


   Skills:
 + Level 6.2 Fighting
 * Level 8.1 Axes
 + Level 5.6 Armour
 + Level 5.1 Dodging


You had 7 spell levels left.
You didn't know any spells.
Your spell library was empty.

Dungeon Overview and Level Annotations

Branches:
Dungeon (5/15)             Temple (0/1) D:5

Altars:
Cheibriados

Shops:
D:1 ?   D:3 =


Innate Abilities, Weirdness & Mutations

You are a tree.
Your roots penetrate the ground, keeping you stationary.
You cannot be teleported.
You are immune to unholy pain and torment.
Your maximum health is greatly increased.
Your equipment is partially melded.
((You have a pair of horns on your head.))
((You reflexively headbutt those who attack you in melee.))


Message History

You feel very sick. The gnoll barely misses you.
The gnoll sergeant hits you with a +1 spear of venom.
You are more poisoned.
You puncture the gnoll!
You kill the gnoll!
Trog accepts your kill.
You feel very sick.
The gnoll hits you from afar with a +0 spear.
* * * LOW HITPOINT WARNING * * *
You hit the gnoll sergeant but do no damage.
Your headbutt misses the gnoll sergeant.
You are no longer berserk.
You are exhausted.
You feel yourself slow down.
* * * LOW HITPOINT WARNING * * *
You feel very sick. The gnoll sergeant misses you. The gnoll barely misses you.
Your skin crawls.
You feel strong-willed.
You feel very sick. The gnoll closely misses you.
The gnoll sergeant closely misses you. You furiously retaliate!
You headbutt the gnoll sergeant! The gnoll hits you but does no damage.
The gnoll sergeant hits you with a +1 spear of venom.
* * * LOW HITPOINT WARNING * * *
You are lethally poisoned!
Okay, then.
It was a potion of lignification.
You turn into a tree.
Your +1 ring mail melds into your body.
Your roots penetrate the ground.
You feel very sick. The gnoll hits you but does no damage.
The gnoll hits you with a +0 flail!
* * * LOW HITPOINT WARNING * * *
A gnoll shaman comes into view. It is wielding a +0 club.
The gnoll sergeant barely misses you. The gnoll completely misses you.
The gnoll hits you but does no damage.
The gnoll shaman shouts!
You hit the gnoll.
The gnoll is poisoned.
The gnoll is moderately wounded.
You die...

............#..#......#.
...............#......#.
..........###..#........
..........(###.#........
...............#.......#
............#..#........
#....(..........:...
#.).g##########...##
#.g♣## #...# #....g#
###...# ##... .... #...
#..#g


You could see a gnoll sergeant, a gnoll shaman and 2 gnolls.

Vanquished Creatures
  An acid dragon (D:5)
  4 ogres
  A necrophage (D:4)
  A wyvern zombie (D:5)
  3 water moccasin skeletons
  A hound (D:5)
  2 iguanas (D:4)
  6 adders
  12 gnolls
  A white imp (D:3)
  An ufetubus (D:5)
  2 worms (D:2)
  4 dart slugs
  9 orcs
  6 endoplasms
  3 giant cockroaches (D:2)
  4 goblins
  2 hobgoblins (D:1)
  11 jackals
  7 quokkas
  9 ball pythons
  9 bats
  A frilled lizard (D:2)
  4 kobolds
  2 rats
106 creatures vanquished.

Vanquished Creatures (others)
  An orc wizard (D:5)
1 creature vanquished.

Grand Total: 107 creatures vanquished

Notes
Turn   | Place    | Note
-------+----------+-------------------------------------------
     0 | D:1      | Smaepdii the Minotaur Berserker began the quest for the
                  | Orb.
     0 | D:1      | Reached XP level 1. HP: 19/19 MP: 0/0
   143 | D:1      | Found Buisamuu's Magic Scroll Shoppe.
   240 | D:1      | Reached XP level 2. HP: 26/27 MP: 1/1
   333 | D:1      | Reached skill level 4 in Axes
  1050 | D:1      | Reached XP level 3. HP: 33/33 MP: 2/2
  1420 | D:2      | Found a snail-covered altar of Cheibriados.
  1461 | D:2      | Reached ** piety under Trog
  2056 | D:2      | Reached XP level 4. HP: 38/40 MP: 3/3
  2217 | D:3      | Found Ped Xyit's Jewellery Boutique.
  2346 | D:3      | Found a faded altar of an unknown god.
  2538 | D:3      | Reached skill level 5 in Axes
  2989 | D:4      | Reached XP level 5. HP: 46/47 MP: 4/4
  3185 | D:4      | Noticed a necrophage
  3197 | D:4      | Killed a necrophage
  3288 | D:4      | Reached XP level 6. HP: 55/55 MP: 5/5
  3394 | D:4      | Reached skill level 6 in Axes
  3457 | D:4      | Reached skill level 5 in Fighting
  3675 | D:4      | Reached *** piety under Trog
  3836 | D:5      | Entered Level 5 of the Dungeon
  3916 | D:5      | Noticed an acid dragon
  4186 | D:5      | Found a staircase to the Ecumenical Temple.
  4204 | D:4      | Reached XP level 7. HP: 18/61 MP: 6/6
  4442 | D:5      | Reached skill level 7 in Axes
  4530 | D:5      | Reached skill level 5 in Armour
  4935 | D:5      | Reached skill level 5 in Dodging
  4935 | D:5      | Reached XP level 8. HP: 52/70 MP: 7/7
  4945 | D:5      | Reached skill level 8 in Axes
  5135 | D:5      | HP: 2/105 [gnoll (8)]
  5136 | D:5      | Succumbed to a gnoll sergeant's poison

Illustrated notes

Levels and vault maps discovered:
D:1:      minmay_arrival_loop, layout_loops_corners, serial_shops, shop
D:2:      layout_loops_cross, basic_altar
D:3:      layout_loops_ring, hellmonk_ecumenical_altar_run_dry, serial_shops,
          shop_statue, palyth_stone_intersect
D:4:      layout_basic, minmay_misc_feat_ornament
D:5:      layout_cave_pools, kennysheep_mini, mainiacjoe_overflow_tiny_flanked,
          minmay_temple_entry_slanted, serial_gnoll_camp,
          gnoll_camp_mini_loothouse, gnoll_camp_mini_hut, gnoll_camp_medium_02,
          gnoll_camp_mini_basic, gnoll_camp_mini_shop, gnoll_camp_mini_shop

Skill      XL: |  1  2  3  4  5  6  7  8 |
---------------+-------------------------+-----
Axes           | 4 5 6 7 8 |  8.1
Fighting       | 4 5 6 |  6.2
Armour         | 3 4 5 |  5.6
Dodging        | 3 4 5 |  5.1

Action                   |  1- 3 |  4- 6 |  7- 9 || total
-------------------------+-------+-------+-------++-------
Melee: Hand axe          |    21 |       |       ||    21
       Headbutt          |    17 |    26 |    18 ||    61
       Dagger            |    54 |    96 |    80 ||   230
Throw: Dart              |    25 |    15 |       ||    40
Invok: Berserk           |     1 |     2 |     2 ||     5
       Trog's Hand       |       |       |     1 ||     1
  Use: Scroll            |       |     3 |     1 ||     4
       Potion            |       |       |     1 ||     1
 Stab: Sleeping          |     1 |       |       ||     1
Armor: Animal skin       |    18 |       |       ||    18
       Ring mail         |     3 |    36 |    38 ||    77
       Skin              |       |       |     2 ||     2
Dodge: Dodged            |    44 |    55 |    61 ||   160
